 Dungeon Crawl Stone Soup version 0.24.1-14-gf8d2b509d9 (webtiles) character file.

Game seed: 799610787117601187, levelgen mode: deterministic

292402 rjrrt the Devastator (level 19, -10/103 HPs)
             Began as a Deep Elf Fire Elementalist on Aug 30, 2021.
             Was the Champion of Vehumet.
             Shot with an arrow by a deep elf master archer (13 damage)
             ... on level 3 of the Elven Halls.
             The game lasted 03:23:32 (50513 turns).

rjrrt the Devastator (Deep Elf Fire Elementalist)  Turns: 50513, Time: 03:23:33

Health: -10/103    AC: 12    Str:  6    XL:     19   Next: 98%
Magic:  24/54      EV: 22    Int: 31    God:    Vehumet [******]
Gold:   2199       SH:  7    Dex: 19    Spells: 4/58 levels left

rFire    + . .     SeeInvis +   i - staff of conjuration
rCold    + + .     Gourm    .   r - +1 buckler {reflect}
rNeg     + + +     Faith    .   q - +2 robe {rC+ rF+}
rPois    +         Spirit   .   K - +0 helmet
rElec    +         Reflect  +   y - +2 ratskin cloak {+Rats rPois rN+ Str-1 Int-1 Dex+1}
rCorr    .         Harm     .   h - +0 pair of gloves
MR       +++..                  T - +2 pair of boots {run}
Stlth    ++........             R - macabre finger necklace {rN+}
HPRegen  0.27/turn              n - ring of Life {+Fly rN+ MR+ Int+3 SInv}
MPRegen  0.34/turn              O - ring "Udakkur" {+Blink rC+ MP+9 Str+2}
                                w - ring of Geivuf {*Contam rElec rN+ MR+ Dex+3}

@: quick
A: no striking features
}: 2/15 runes: decaying, serpentine
a: Renounce Religion, Evoke Blink, Evoke Ratskin, Evoke Flight


You were on level 3 of the Elven Halls.
You worshipped Vehumet.
Vehumet was exalted by your worship.
You were hungry.

You visited 7 branches of the dungeon, and saw 35 of its levels.
You also visited: Gauntlet and Ice Cave.

You collected 3322 gold pieces.
You spent 1123 gold pieces at shops.

Inventory:

Hand Weapons
 b - a +2 glaive of pain
Missiles
 u - 4 throwing nets (quivered)
Armour
 h - a +0 pair of gloves (worn)
 q - a +2 robe of resistance (worn)
 r - a +1 buckler of reflection (worn)
 y - the +2 ratskin cloak (worn) {+Rats rPois rN+ Str-1 Int-1 Dex+1}
   (You found it on level 5 of the Dungeon)

   It affects your strength (-1).
   It affects your intelligence (-1).
   It affects your dexterity (+1).
   It protects you from poison.
   It protects you from negative energy.
 K - a +0 helmet (worn)
 T - a +2 pair of boots of running (worn)
Magical Staves
 a - an uncursed staff of fire
 i - an uncursed staff of conjuration (weapon)
Jewellery
 n - the ring of Life (left hand) {+Fly rN+ MR+ Int+3 SInv}
   (You bought it in a shop on level 2 of the Orcish Mines)

   [ring of flight]

   It affects your intelligence (+3).
   It protects you from negative energy.
   It affects your resistance to hostile enchantments.
   It lets you see invisible.
   It lets you fly.
 w - the ring of Geivuf (on amulet) {*Contam rElec rN+ MR+ Dex+3}
   (You took it off a minotaur in a Gauntlet)

   [ring of protection from magic]

   It affects your dexterity (+3).
   It insulates you from electricity.
   It protects you from negative energy.
   It affects your resistance to hostile enchantments.
   It causes magical contamination when unequipped.
 O - the ring "Udakkur" (right hand) {+Blink rC+ MP+9 Str+2}
   (You found it in a Gauntlet)

   [ring of magical power]

   It affects your strength (+2).
   It protects you from cold.
   It affects your magic capacity (+9).
   It lets you blink.
 R - the macabre finger necklace (around neck) {rN+}
   (You found it on level 1 of the Orcish Mines)

   [amulet of nothing]

   It protects you from negative energy.
Wands
 l - a wand of iceblast (48)
 x - a wand of digging (22)
 A - a wand of acid (22)
 H - a wand of polymorph (11)
 L - a wand of scattershot (3)
Scrolls
 d - 3 scrolls of holy word
 t - 15 scrolls of remove curse
 C - 2 scrolls of identify
 E - 17 scrolls of teleportation
 G - 3 scrolls of fog
 I - 2 scrolls of blinking
 M - 4 scrolls of fear
 Q - 2 scrolls of magic mapping
Potions
 e - 8 potions of haste
 f - 3 potions of berserk rage
 g - 5 potions of heal wounds
 j - 7 potions of curing
 k - 2 potions of magic
 m - 2 potions of ambrosia
 o - a potion of brilliance
 p - 4 potions of invisibility
 s - 2 potions of cancellation
 v - 7 potions of mutation
 z - 7 potions of flight
 B - 3 potions of lignification
 F - 5 potions of might
 J - 4 potions of agility
Comestibles
 c - 41 rations


   Skills:
 - Level 6.0 Fighting
 - Level 12.0 Dodging
 - Level 2.4 Stealth
 - Level 4.0 Shields
 + Level 20.1 Spellcasting
 * Level 20.8 Conjurations
 - Level 6.0 Summonings
 - Level 6.0 Necromancy
 * Level 20.7 Fire Magic
 - Level 6.0 Earth Magic
 - Level 6.0 Evocations


You had 4 spell levels left.
You knew the following spells:

 Your Spells              Type           Power        Failure   Level  Hunger
a - Bolt of Fire          Conj/Fire      ########..   1%          6    None
b - Iron Shot             Conj/Erth      ########..   1%          6    None
c - Sticky Flame          Conj/Fire      ########     0%          4    None
d - Fireball              Conj/Fire      ########..   0%          5    None
e - Bolt of Draining      Conj/Necr      ########..   1%          5    None
f - Flame Tongue          Conj/Fire      #####        0%          1    None
g - Fire Storm            Conj/Fire      ########..   6%          9    ######.
h - Stone Arrow           Conj/Erth      ######       0%          3    None
i - Conjure Flame         Conj/Fire      ########     0%          3    None
p - Apportation           Tloc           ####..       1%          1    None
v - Spellforged Servitor  Conj/Summ      ########..   1%          7    ###....
G - Regeneration          Chrm/Necr      #####.....   1%          3    None
U - Summon Butterflies    Summ           ######..     1%          1    None

Your spell library contained the following spells:

 Spells                   Type           Power        Failure   Level  Hunger
 Chain Lightning          Conj/Air       #######...   26%         8    #####..
 Tornado                  Air            ####......   100%        9    ######.
 Magic Dart               Conj           ####         0%          1    None
 Shock                    Conj/Air       ####         0%          1    None
 Searing Ray              Conj           ######       0%          2    None
 Throw Flame              Conj/Fire      ######       0%          2    None
 Iskenderun's Mystic Bla  Conj           ########     0%          4    None
 Swiftness                Chrm/Air       ####....     1%          2    None
 Throw Frost              Conj/Ice       ######       1%          2    None
 Call Canine Familiar     Summ           ######..     1%          3    None
 Dazzling Spray           Conj/Hex       ######       1%          3    None
 Ignite Poison            Fire/Tmut/Pois ######..     1%          3    None
 Inner Flame              Hex/Fire       #######.     1%          3    None
 Static Discharge         Conj/Air       #######.     1%          3    None
 Vampiric Draining        Necr           ######....   1%          3    None
 Force Lance              Conj/Tloc      #######.     1%          4    None
 Fulminant Prism          Conj/Hex       #######...   1%          4    None
 Lesser Beckoning         Tloc           ####......   3%          3    None
 Tukima's Dance           Hex            ####....     3%          3    None
 Airstrike                Air            ####......   3%          4    None
 Summon Ice Beast         Ice/Summ       #####...     3%          4    None
 Bolt of Magma            Conj/Fire/Erth ########..   1%          5    None
 Irradiate                Conj/Tmut      #######...   1%          5    None
 Iskenderun's Battlesphe  Conj/Chrm      #######.     1%          5    None
 Lightning Bolt           Conj/Air       #######...   1%          5    None
 Venom Bolt               Conj/Pois      #######...   1%          5    None
 Orb of Destruction       Conj           ########..   1%          7    ###....
 Ignition                 Fire           ########..   1%          8    #####..
 Summon Mana Viper        Hex/Summ       #####...     10%         5    None
 Ring of Flames           Chrm/Fire      #######...   14%         7    ###....
 Alistair's Intoxication  Tmut/Pois      ####....     32%         5    None
 Statue Form              Tmut/Erth      ######...    45%         6    None
 Monstrous Menagerie      Summ           ######....   63%         7    ###....
 Summon Greater Demon     Summ           ######....   63%         7    ###....
 Summon Hydra             Summ           ######....   63%         7    ###....
 Hydra Form               Tmut           ####......   87%         6    None
 Invisibility             Hex            ####....     87%         6    None
 Malign Gateway           Summ/Tloc      #####.....   96%         7    ###....
 Dragon Form              Tmut           ####......   100%        7    ###....
 Summon Horrible Things   Summ           ######....   100%        8    #####..


Dungeon Overview and Level Annotations

Branches:
Dungeon (15/15)            Temple (1/1) D:4            Lair (6/6) D:9
  Swamp (4/4) Lair:4        Snake (4/4) Lair:3        Slime (0/5) Lair:6
    Orc (2/2) D:11            Elf (3/3) Orc:2        Vaults (0/5) D:13
  IceCv (visited)         Gauntlet (visited)
 Depths: D:15

Altars:
Ashenzari
Cheibriados
Dithmenos
Elyvilon
Fedhas
Gozag
Hepliaklqana
Kikubaaqudgha
Ru
Sif Muna
Trog
Vehumet
Wu Jian
Xom
Yredelemnul
Zin
Beogh

Shops:
D:11 *(   Orc:2 :*=%   Elf:2 !   Elf:3 (   Snake:2 *

Annotations:
D:9 1 runed translucent door, cstieg1's ghost, journeyman DEFE
D:12 3 runed translucent doors, tiocybot's ghost, journeyman GnTm
Elf:2 3 runed translucent doors


Message History

The deep elf master archer resists.
The deep elf master archer is heavily wounded.
You hear a shout!
The deep elf master archer shoots an arrow.
The arrow hits you!
Casting: Fireball (safe; 0% risk of failure)
Confirm with . or Enter, or press ? or * to list all spells.
Aiming: Fireball (safe; 0% risk of failure)
Press: ? - help, Shift-Dir - straight line, f/p - deep elf master archer
Aim: a deep elf master archer, wielding a +0 longbow and wearing the +5 fire dragon scales of an ice cave {*Contam rF++ rC- Int+3 Dex+2} (heavily wounded)
You feel a surge of power!
The fireball explodes!
The fireball engulfs the deep elf master archer!
The deep elf master archer resists.
The deep elf master archer is heavily wounded.
The deep elf master archer shoots an arrow.
The arrow hits you!!
* * * LOW HITPOINT WARNING * * *
The deep elf master archer shoots an arrow.
The arrow hits you!
You die...

### ########## #... ..#
####........#### #... ###
#..............### ##...
.................##.##...
............(.....#.##...
......⌠..⌠.e......'.##...
..................# #...
....e............# #...
.######.@######e## #...
### ##..)≈≈..≈≈...#.#
#... ..#
.).).≈≈))≈≈..)..# #...
.## ##..)≈≈..≈≈...###
#... .# #...≈≈).≈≈...#
#... .# ######.)######
#... '## #.)# #... ..#
#..# #... ..# #..# #...


You could see a deep elf master archer and a deep elf annihilator.

Vanquished Creatures
  Bai Suzhen (Swamp:4)
  Nikola (Snake:2)
  Agnes (D:14)
  Kirke (Swamp:3)
  2 thorn hunters
  20 nagarajas
  2 deep elf sorcerers (Elf:3)
  Aizul (Snake:1)
  3 deep elf elementalists (Elf:3)
  An orc warlord (Orc:2)
  4 deep elf demonologists (Elf:3)
  4 deep elf annihilators
  A minotaur (Gauntlet)
  7 deep elf death magi
  Erolcha (Orc:1)
  An ettin (Orc:2)
  4 vault guards (D:13)
  15 hydras
  2 deep elf high priests (Elf:3)
  19 naga warriors
  6 ghost crabs
  20 alligators
  10 anacondas
  19 dancing weapons
  10 two-headed ogres
  2 centaur warriors
  A death scarab (Gauntlet)
  A tengu warrior (D:15)
  5 shock serpents
  5 orc high priests (Orc:2)
  23 naga sharpshooters
  11 deep elf knights
  A salamander mystic (Snake:3)
  A skeletal warrior (D:14)
  3 sea snakes (Snake:2)
  A death drake (Swamp:4)
  4 unseen horrors
  An unseen horror (shapeshifter) (Elf:2)
  3 swamp dragons
  3 spectral hydras (Swamp:4)
  A spriggan druid (Swamp:4)
  A wizard (Gauntlet)
  6 naga ritualists
  11 deep elf archers
  A phantasmal warrior (Swamp:4)
  9 ugly things
  8 orc knights (Orc:2)
  A wolf spider zombie (D:15)
  8 mana vipers
  54 deep elf magi
  8 oklob plants
  An orc sorcerer (Orc:1)
  5 cyclopes
  9 salamanders
  A manticore (D:15)
  3 elephants (Lair:2)
  Maurice (D:9)
  15 naga magi
  6 guardian serpents
  2 ice statues (IceCv)
  35 black mambas
  Joseph (D:8)
  2 gargoyles
  A centaur zombie (D:13)
  4 swamp worm zombies (Swamp:4)
  A rime drake (Lair:3)
  27 spiny frogs
  A freezing wraith (D:12)
  4 komodo dragons
  7 ice devils (IceCv)
  A harpy zombie (D:14)
  3 polar bears
  A queen bee (D:12)
  10 trolls
  3 meliai (D:12)
  A troll (shapeshifter) (Elf:3)
  3 hydra zombies (Swamp:4)
  11 bog bodies
  14 hornets
  16 tyrant leeches
  2 alligator zombies (Swamp:4)
  A dream sheep (Lair:6)
  8 blink frogs (Lair:4)
  23 slime creatures
  A spectral swamp dragon (Swamp:4)
  A spectral black mamba (Gauntlet)
  10 hippogriffs
  A spriggan skeleton (D:15)
  A shadow (D:13)
  29 spriggans
  3 water elementals
  6 wyverns
  2 air elementals (Elf:3)
  3 fire bats (Gauntlet)
  35 yaks
  2 fire elementals (Elf:1)
  3 basilisks
  A golden eye (shapeshifter) (Elf:3)
  2 hungry ghosts
  Grum (D:8)
  34 vampire mosquitoes
  22 insubstantial wisps
  20 swamp worms
  84 nagas
  14 two-headed ogre zombies (Orc:1)
  5 wargs (Orc:2)
  7 water moccasins
  An acid dragon (D:13)
  9 porcupines
  8 swamp drakes
  16 ice beasts
  6 black bears
  A hornet zombie (D:15)
  5 necrophages (Swamp:2)
  45 orc warriors
  3 sky beasts
  11 phantoms
  2 eyes of draining
  3 swamp dragon zombies (Swamp:4)
  12 ogres
  4 boggarts (Lair:6)
  11 centaurs
  35 wolves
  9 crocodiles
  A big kobold (D:7)
  23 bullfrogs
  A wyvern zombie (D:13)
  5 earth elementals
  4 scorpions
  A wyvern skeleton (D:13)
  8 wights
  25 killer bees
  6 howler monkeys
  3 electric eels
  7 crimson imps
  A bullfrog zombie (D:10)
  2 jellies
  A quasit (D:8)
  8 hounds
  A gnoll shaman (D:10)
  31 orc priests
  A bullfrog skeleton (D:12)
  27 orc wizards
  5 centaur skeletons
  Ijyb (D:5)
  11 worker ants
  6 iguanas
  A spectral swamp drake (Swamp:4)
  A hell rat (D:5)
  2 hound skeletons
  2 worker ant zombies
  A howler monkey zombie (D:9)
  20 gnolls
  9 adders
  6 river rats (D:5)
  3 shadow imps
  2 swamp drake zombies (Swamp:4)
  4 white imps
  8 ufetubi (IceCv)
  2 oozes (D:2)
  An adder zombie (D:6)
  2 adder skeletons
  A dart slug (D:2)
  6 leopard geckos
  87 orcs
  7 bats
  5 giant cockroaches
  14 hobgoblins
  12 jackals
  2 quokkas
  2 ball pythons
  3 frilled lizards
  5 goblins
  A jackal skeleton (D:7)
  6 kobolds
  19 rats
  5 briar patches (Swamp:3)
  A bush (D:8)
  5 crawling corpses
  A fungus (Lair:6)
  8 plants
1453 creatures vanquished.

Vanquished Creatures (others)
  A reaper (IceCv)
  5 white imps (IceCv)
  7 ufetubi (IceCv)
  10 fungi
  10 plants
  3 withered plants (Gauntlet)
36 creatures vanquished.

Grand Total: 1489 creatures vanquished

Notes
Turn   | Place    | Note
-------+----------+-------------------------------------------
     0 | D:1      | rjrrt the Deep Elf Fire Elementalist began the quest for
                  | the Orb.
     0 | D:1      | Reached XP level 1. HP: 10/10 MP: 6/6
   156 | D:1      | Reached XP level 2. HP: 15/15 MP: 1/8
   593 | D:1      | Reached XP level 3. HP: 19/19 MP: 8/10
   598 | D:1      | Learned a level 3 spell: Conjure Flame
   864 | D:2      | Found a bloodstained altar of Trog.
  1291 | D:2      | Reached XP level 4. HP: 8/24 MP: 8/12
  1533 | D:2      | Noticed a phantom
  1544 | D:2      | Killed a phantom
  1544 | D:2      | Reached XP level 5. HP: 23/28 MP: 2/13
  1550 | D:2      | Learned a level 4 spell: Sticky Flame
  2391 | D:3      | Found a basalt altar of Yredelemnul.
  2578 | D:3      | Found a glowing silver altar of Zin.
  2862 | D:4      | Found a shattered altar of Ashenzari.
  2866 | D:4      | Saw a vision of the Swamp and the Snake Pit.
  2866 | D:4      | Noticed a naga sharpshooter
  2866 | D:4      | Noticed a mana viper
  2866 | D:4      | Noticed a swamp drake
  2866 | D:4      | Noticed a naga sharpshooter
  2866 | D:4      | Noticed a mana viper
  2866 | D:4      | Noticed a black mamba
  2866 | D:4      | Noticed an alligator
  2867 | D:4      | Noticed a naga
  2867 | D:4      | Noticed a shock serpent
  2868 | D:4      | Noticed a naga sharpshooter
  2869 | D:4      | Noticed a naga ritualist
  2870 | D:4      | Noticed an alligator
  2873 | D:4      | Noticed an alligator
  2874 | D:4      | Noticed a water moccasin
  2907 | D:4      | Found a staircase to the Ecumenical Temple.
  2915 | Temple   | Entered the Ecumenical Temple
  2951 | Temple   | Became a worshipper of Vehumet
  3138 | D:4      | Noticed an ogre
  3147 | D:4      | Learned a level 5 spell: Fireball
  3154 | D:4      | Killed an ogre
  3154 | D:4      | Reached skill level 5 in Spellcasting
  3154 | D:4      | Reached skill level 5 in Conjurations
  3154 | D:4      | Reached XP level 6. HP: 32/32 MP: 6/15
  3597 | D:4      | Learned a level 2 spell: Throw Flame
  3713 | D:4      | Reached skill level 5 in Fire Magic
  3942 | D:5      | Entered Level 5 of the Dungeon
  4125 | D:5      | Noticed Ijyb
  4128 | D:5      | Found an ornate altar of the Wu Jian Council.
  4133 | D:5      | Killed Ijyb
  4133 | D:5      | Reached XP level 7. HP: 31/36 MP: 9/17
  4374 | D:5      | Reached * piety under Vehumet
  4374 | D:5      | Offered knowledge of Shock by Vehumet.
  4390 | D:5      | Learned a level 1 spell: Shock
  4801 | D:5      | Found the +2 ratskin cloak {+Rats rPois rN+ Str-1 Int-1
                  | Dex+1}
  5449 | D:6      | Reached XP level 8. HP: 41/41 MP: 3/19
  6405 | D:6      | Reached ** piety under Vehumet
  6405 | D:6      | Offered knowledge of Throw Frost by Vehumet.
  6409 | D:6      | Learned a level 2 spell: Throw Frost
  7038 | D:7      | Identified the +6 plate armour of Okawaru's Hope {rN+}
  7060 | D:7      | Reached XP level 9. HP: 46/46 MP: 14/22
  7078 | D:7      | Reached skill level 1 in Fighting
  7586 | D:7      | Offered knowledge of Stone Arrow by Vehumet.
  7602 | D:7      | Learned a level 3 spell: Stone Arrow
  8200 | D:8      | Noticed Joseph
  8773 | D:8      | Found a shimmering blue altar of Sif Muna.
  8860 | D:8      | Noticed Grum
  8869 | D:8      | Killed Grum
  8869 | D:8      | Reached XP level 10. HP: 17/54 MP: 10/24
  9195 | D:8      | Reached *** piety under Vehumet
  9381 | D:8      | Found a shadowy altar of Dithmenos.
  9470 | D:8      | Got a smoking wooden ring
  9517 | D:8      | Killed Joseph
  9517 | D:8      | Reached skill level 5 in Dodging
  9646 | D:8      | Found a blossoming altar of Fedhas.
  9891 | D:9      | Learned a level 5 spell: Bolt of Magma
  9905 | D:9      | Found a staircase to the Lair.
 10075 | D:9      | Reached skill level 10 in Conjurations
 10179 | D:9      | Noticed Maurice
 10181 | D:9      | Killed Maurice
 10181 | D:9      | Reached skill level 1 in Evocations
 10258 | D:9      | Reached skill level 1 in Earth Magic
 10442 | D:9      | Found a runed translucent door.
 10444 | D:9      | Noticed cstieg1's ghost (journeyman DEFE)
 10445 | D:9      | Noticed a green ugly thing
 10515 | D:9      | Reached skill level 10 in Fire Magic
 10693 | D:9      | Noticed a two-headed ogre
 10697 | D:9      | Killed a two-headed ogre
 10878 | Lair:1   | Entered Level 1 of the Lair of Beasts
 10884 | Lair:1   | Offered knowledge of Throw Icicle by Vehumet.
 11173 | Lair:1   | Noticed a spiny frog
 11180 | Lair:1   | Killed a spiny frog
 11400 | Lair:1   | Identified the ring "Vemoycw" {rF+ Int-2 Slay+5} (You found
                  | it on level 8 of the Dungeon)
 11449 | Lair:1   | Reached XP level 11. HP: 53/60 MP: 14/26
 12007 | Lair:1   | Reached skill level 10 in Spellcasting
 12690 | Lair:2   | Found a shimmering altar of Xom.
 12757 | Lair:2   | Reached skill level 1 in Shields
 13045 | Lair:2   | Noticed an oklob plant
 13047 | Lair:2   | Noticed an oklob plant
 13517 | Lair:2   | Killed an oklob plant
 13639 | Lair:2   | Noticed an oklob plant
 13656 | Lair:2   | Killed an oklob plant
 13721 | Lair:2   | Noticed an oklob plant
 13725 | Lair:2   | Killed an oklob plant
 13725 | Lair:2   | Reached **** piety under Vehumet
 13808 | Lair:2   | Killed an oklob plant
 13815 | Lair:2   | Identified Sif Muna's Disquisition on Necromancy and
                  | Conjuration
 13950 | Lair:3   | Offered knowledge of Force Lance by Vehumet.
 14057 | Lair:3   | Found a frozen archway.
 14164 | Lair:3   | Reached XP level 12. HP: 62/67 MP: 22/28
 14257 | IceCv    | Entered an ice cave
 14508 | IceCv    | Killed a reaper
 15111 | Lair:3   | Reached skill level 5 in Earth Magic
 15211 | Lair:3   | Reached skill level 5 in Fighting
 15722 | Lair:3   | Found a staircase to the Snake Pit.
 16212 | Lair:4   | Reached ***** piety under Vehumet
 16342 | Lair:4   | Offered knowledge of Yara's Violent Unravelling by Vehumet.
 16359 | Lair:4   | Noticed a five-headed hydra
 17017 | Lair:4   | Killed a five-headed hydra
 17017 | Lair:4   | Reached XP level 13. HP: 72/72 MP: 20/30
 17124 | Lair:4   | Found a staircase to the Swamp.
 17454 | Lair:5   | Found a gate leading to a gauntlet.
 17473 | Gauntlet | Entered a Gauntlet
 17473 | Gauntlet | Found a transporter.
 17473 | Gauntlet | Found a transporter.
 17474 | Gauntlet | Found a transporter.
 17492 | Gauntlet | Found a transporter.
 17508 | Gauntlet | Found a transporter.
 17524 | Gauntlet | Found a transporter.
 17534 | Gauntlet | Found a transporter.
 17550 | Gauntlet | Found a transporter.
 17556 | Gauntlet | Found a transporter.
 17570 | Gauntlet | Found a transporter.
 17588 | Gauntlet | Found a transporter.
 17592 | Gauntlet | Found a transporter.
 18032 | Gauntlet | Got a flickering iron amulet
 18135 | Gauntlet | Identified the amulet of Faxkias {RegenMP Str+4} (You found
                  | it in a Gauntlet)
 18147 | Gauntlet | Identified the ring of Geivuf {*Contam rElec rN+ MR+ Dex+3}
 18147 | Gauntlet | Noticed a minotaur
 18149 | Gauntlet | Killed a minotaur
 18158 | Gauntlet | Got a warped bone ring
 18189 | Gauntlet | Identified the ring "Udakkur" {+Blink rC+ MP+9 Str+2} (You
                  | found it in a Gauntlet)
 18249 | Lair:5   | Found a shimmering blue altar of Sif Muna.
 18642 | Lair:6   | Entered Level 6 of the Lair of Beasts
 18710 | Lair:6   | Found a staircase to the Slime Pits.
 20240 | Lair:6   | Reached skill level 5 in Evocations
 20769 | Lair:6   | Offered knowledge of Bolt of Draining by Vehumet.
 21126 | Lair:6   | Learned a level 5 spell: Bolt of Draining
 21330 | D:10     | Entered Level 10 of the Dungeon
 21600 | D:10     | Reached XP level 14. HP: 70/79 MP: 29/32
 21692 | D:10     | Reached skill level 1 in Necromancy
 21920 | D:10     | Learned a level 1 spell: Summon Butterflies
 21969 | D:10     | Reached skill level 10 in Dodging
 22310 | D:11     | Found Ireush's Demolitions Depot.
 22505 | D:11     | Found Ocosepos's Antique Weapon Shoppe.
 22700 | D:11     | Identified a scroll of acquirement
 22708 | D:11     | Identified a +2 pair of boots of running (You acquired it
                  | on level 11 of the Dungeon)
 22746 | D:11     | Reached skill level 1 in Summonings
 22994 | D:11     | Found a staircase to the Orcish Mines.
 23131 | D:11     | Got a creamy pearl robe
 23133 | D:11     | Identified the +1 robe "Joosutt" {rN+ rCorr Dex+5} (You
                  | found it on level 11 of the Dungeon)
 23353 | Orc:1    | Entered Level 1 of the Orcish Mines
 23412 | Orc:1    | Offered knowledge of Bolt of Fire by Vehumet.
 23420 | Orc:1    | Learned a level 6 spell: Bolt of Fire
 23887 | Orc:1    | Found a roughly hewn altar of Beogh.
 24646 | Orc:1    | Noticed Erolcha
 24654 | Orc:1    | Killed Erolcha
 24670 | Orc:1    | Found the macabre finger necklace {rN+}
 24798 | Orc:2    | Entered Level 2 of the Orcish Mines
 25240 | Orc:2    | Noticed an orc warlord
 25259 | Orc:2    | Killed an orc warlord
 25546 | Orc:2    | Offered knowledge of Conjure Ball Lightning by Vehumet.
 25975 | Orc:2    | Found a staircase to the Elven Halls.
 26649 | Orc:2    | Reached skill level 5 in Necromancy
 26710 | Orc:2    | Found Ruq Peeg's Book Shop.
 26710 | Orc:2    | Found Uset's Food Shop.
 26711 | Orc:2    | Found Xiloluuh's Assorted Antiques.
 26711 | Orc:2    | Found Loeb Pyz's Jewellery Boutique.
 26719 | Orc:2    | Bought a scroll labeled MEOHUDGH ZOTHATZ for 39 gold pieces
 26725 | Orc:2    | Bought a runed buckler for 292 gold pieces
 27425 | D:12     | Reached XP level 15. HP: 84/84 MP: 25/34
 27552 | D:12     | Found a runed translucent gate.
 27552 | D:12     | Found a runed translucent gate.
 27554 | D:12     | Found a runed translucent gate.
 27557 | D:12     | Noticed tiocybot's ghost (journeyman GnTm)
 27783 | D:13     | Reached ****** piety under Vehumet
 27799 | D:13     | Offered knowledge of Ozocubu's Refrigeration by Vehumet.
 28366 | D:13     | Reached skill level 5 in Summonings
 28534 | D:13     | Found a gate to the Vaults.
 29352 | Orc:2    | Bought the ring of Life {+Fly rN+ MR+ Int+3 SInv} for 672
                  | gold pieces
 29597 | D:14     | Reached skill level 15 in Conjurations
 29857 | D:14     | Noticed Agnes
 29868 | D:14     | Killed Agnes
 29868 | D:14     | Offered knowledge of Bolt of Cold by Vehumet.
 30294 | D:15     | Entered Level 15 of the Dungeon
 30299 | D:15     | Reached skill level 15 in Spellcasting
 30299 | D:15     | Reached skill level 15 in Fire Magic
 30499 | D:15     | Found a snail-covered altar of Cheibriados.
 30895 | Swamp:1  | Entered Level 1 of the Swamp
 31342 | Swamp:1  | Noticed a thorn hunter
 31344 | Swamp:1  | Killed a thorn hunter
 31613 | Swamp:1  | Reached XP level 16. HP: 88/88 MP: 37/37
 32236 | Swamp:2  | Offered knowledge of Poison Arrow by Vehumet.
 34087 | Swamp:3  | Noticed a thorn hunter
 34091 | Swamp:3  | Killed a thorn hunter
 34105 | Swamp:3  | Got a ripped robe
 34112 | Swamp:3  | Identified the +0 robe of Mees {+Blink MR+ Slay+2} (You
                  | found it on level 3 of the Swamp)
 35416 | Swamp:3  | Noticed Kirke
 35418 | Swamp:3  | Killed Kirke
 35741 | Swamp:4  | Entered Level 4 of the Swamp
 35755 | Swamp:4  | Offered knowledge of Fire Storm by Vehumet.
 35755 | Swamp:4  | Offered knowledge of Chain Lightning by Vehumet.
 35755 | Swamp:4  | Offered knowledge of Tornado by Vehumet.
 35866 | Swamp:4  | Learned a level 9 spell: Fire Storm
 35880 | Swamp:4  | Noticed Bai Suzhen
 35901 | Swamp:4  | Killed Bai Suzhen
 36676 | Swamp:4  | Reached XP level 17. HP: 93/93 MP: 13/40
 37508 | Swamp:4  | Noticed a bone dragon
 37737 | Swamp:3  | Learned a level 6 spell: Iron Shot
 38708 | Swamp:4  | Got a decaying rune of Zot
 39184 | Snake:1  | Entered Level 1 of the Snake Pit
 39807 | Snake:1  | Noticed Aizul
 39812 | Snake:1  | Killed Aizul
 40685 | Snake:2  | Learned a level 3 spell: Regeneration
 40687 | Snake:2  | Learned a level 1 spell: Apportation
 41193 | Snake:2  | Noticed Nikola
 41198 | Snake:2  | Killed Nikola
 41644 | Snake:2  | Found Cosyv's General Store.
 42281 | Snake:3  | Reached XP level 18. HP: 64/98 MP: 26/42
 42571 | Snake:3  | Got a faintly glowing leather armour
 42885 | Snake:4  | Entered Level 4 of the Snake Pit
 43620 | Snake:4  | Identified the +3 leather armour of the Archfiend {+Fly
                  | rElec MR- Slay+6} (You found it on level 3 of the Snake
                  | Pit)
 46493 | Snake:4  | Reached XP level 19. HP: 103/103 MP: 44/44
 46618 | Snake:4  | Got a serpentine rune of Zot
 46627 | Snake:4  | Learned a level 7 spell: Spellforged Servitor
 46952 | Elf:1    | Entered Level 1 of the Elven Halls
 48406 | Elf:2    | Found Ryzennirph's Distillery.
 48412 | Elf:2    | Bought a potion of heal wounds for 60 gold pieces
 48412 | Elf:2    | Bought a potion of heal wounds for 60 gold pieces
 48775 | Elf:2    | Found a runed translucent gate.
 48777 | Elf:2    | Found a runed translucent gate.
 48778 | Elf:2    | Found a runed translucent gate.
 48957 | Elf:3    | Entered Level 3 of the Elven Halls
 49166 | Elf:3    | Found Fah Qum's Weapon Shop.
 50438 | Elf:3    | Identified the cursed +1 battleaxe "Rotokis" {venom, Str+2}
 50506 | Elf:3    | Identified the +5 fire dragon scales of an ice cave
                  | {*Contam rF++ rC- Int+3 Dex+2}
 50513 | Elf:3    | HP: 3/103 [deep elf master archer/arrow (28)]
 50513 | Elf:3    | Shot with an arrow by a deep elf master archer

Levels and vault maps discovered:
D:1:      giann_horns, layout_basic
D:2:      layout_loops_cross, overflow_temple_1_default
D:3:      layout_basic, nicolae_overflow_crystal_walls,
          lemuel_coloured_pillars_altar, first_ration, minmay_door_square,
          lemuel_another_geyser
D:4:      layout_loops_ring, minmay_temple_entry_steel_oval,
          grunt_ashenzari_visionary [grunt_ashenzari_visionary_swamp,
          grunt_ashenzari_visionary_snake]
D:5:      wander_guarded_unrand_ratskin, layout_rooms, basic_altar,
          minmay_misc_feat_room, uniq_ijyb
D:6:      minmay_chambers_of_fours, layout_cave_pods
D:7:      layout_cave_pools, the_bakery, grunt_ministairs_12
D:8:      layout_basic, led_sif_book, marbit_many_paths, basic_altar,
          kb_lookout_dungeons_type, uniq_joseph, uniq_grum
D:9:      layout_loops_ring, lair_entry_dummy, ebering_ghost_inner_flame,
          uniq_maurice
D:10:     layout_big_octagon, grunt_ministairs_1
D:11:     layout_basic, orc_0_dummy, serial_shops, shop, nicolae_blasting_shop
D:12:     layout_small_grid, gammafunk_ghost_necromancy, special_room
          [special_room_bee], st_stairs_9
D:13:     layout_basic, lightli_vaults_fourway_checkpoint
D:14:     layout_long_grid, uniq_agnes
D:15:     gammafunk_depths_entry_grave, layout_rooms, basic_altar,
          serial_undead, serial_undead_f, serial_undead_c, serial_undead_c,
          serial_undead_d, serial_undead_b, serial_undead_d, serial_undead_b,
          xom_teletrap_fun
Temple:   regret_index_temple_sphere_string
Lair:1:   kb_forest_paths, layout_gridlike
Lair:2:   layout_gridlike, basic_altar, minmay_lair_oklob_chamber
Lair:3:   layout_big_grid, minmay_snake_entry_guardpost_medium,
          portal_ice_cave_entry_ice_beasts, grunt_megastairs_2
Lair:4:   layout_regular_city, nicolae_swamp_entry_splash_gauntlet,
          serial_bayou_shore_b
Lair:5:   layout_misc_corridors, gauntlet_entry_generic, lemuel_oklob_altar
Lair:6:   minmay_lair_end_enchanted_forest, layout_cave_pods,
          minmay_slime_entry_oklob_open, minivault_11
Swamp:1:  layout_basic_swamp, nicolae_swamp_little_tower
Swamp:2:  layout_basic_swamp, hangedman_swamp_ruin_wall, roderic_carrion_pond
Swamp:3:  layout_basic_swamp, serial_swamp_ruin, evilmike_swamp_ruin_house_1,
          evilmike_swamp_ruin_house_5, evilmike_swamp_ruin_house_4,
          infiniplex_staircase_pool, uniq_kirke
Swamp:4:  swamp_pestilence, layout_basic_swamp, uniq_bai_suzhen
Snake:1:  layout_misc_corridors, library_closet, nicolae_snake_linked_coils,
          drop_trap, grunt_ministairs_1, uniq_aizul
Snake:2:  layout_layer_cave, serial_shops, nicolae_shop_behind_doors,
          serial_bayou_shore_a, uniq_nikola
Snake:3:  layout_rooms
Snake:4:  grunt_snake_rune_spirals, layout_onion,
          nicolae_snake_round_shape_thing
Orc:1:    lemuel_ogre_cave, layout_diamond_mine, basic_altar
Orc:2:    st_orc_pillars, layout_diamond_mine
Elf:1:    eino_elf_arrival_sip, layout_gridlike, minivault_28
Elf:2:    layout_geoelf_diagonals, serial_shops, nicolae_shop_trees, uniq_donald
Elf:3:    elf_hall_gauntlet_wide, layout_gridlike, serial_shops, shop

Skill      XL: |  1  2  3  4  5  6  7  8  9 10 11 12 13 14 15 16 17 18 19 |
---------------+----------------------------------------------------------+-----
Conjurations   | 2 3 4 5 6 8 9 10 11 12 14 15 16 18 19 20 | 20.8
Spellcasting   | 4 5 6 7 8 9 10 11 12 13 15 17 18 19 20 | 20.1
Fire Magic     | 4 5 6 8 9 10 11 12 13 14 15 16 18 19 20 | 20.7
Dodging        | 3 4 6 7 8 9 11 12 | 12.0
Fighting       | 2 3 4 5 6 |  6.0
Evocations     | 2 4 5 6 |  6.0
Earth Magic    | 2 4 5 6 |  6.0
Shields        | 2 3 4 |  4.0
Necromancy     | 5 6 |  6.0
Summonings     | 4 6 |  6.0
Stealth        | |  2.4

Action                   |  1- 3 |  4- 6 |  7- 9 | 10-12 | 13-15 | 16-18 | 19-21 || total
-------------------------+-------+-------+-------+-------+-------+-------+-------++-------
Melee: Dagger            |       |    12 |    48 |       |       |       |       ||    60
       Staff             |       |       |       |     9 |    43 |    11 |    11 ||    74
Throw: Boomerang         |     2 |     6 |       |       |       |       |       ||     8
 Cast: Flame Tongue      |    60 |    99 |   184 |   278 |   439 |    23 |       ||  1083
       Conjure Flame     |       |     2 |     5 |    10 |    12 |       |       ||    29
       Throw Flame       |       |    13 |    43 |    42 |    17 |     5 |       ||   120
       Sticky Flame      |       |     1 |    21 |    37 |    67 |    20 |     2 ||   148
       Shock             |       |       |    10 |       |       |       |       ||    10
       Fireball          |       |       |     6 |    66 |   362 |   448 |    43 ||   925
       Throw Frost       |       |       |     4 |       |       |       |       ||     4
       Stone Arrow       |       |       |     1 |    16 |    21 |    46 |       ||    84
       Bolt of Magma     |       |       |       |     7 |    14 |    10 |       ||    31
       Bolt of Draining  |       |       |       |       |     6 |     7 |       ||    13
       Bolt of Fire      |       |       |       |       |     5 |   184 |   114 ||   303
       Iron Shot         |       |       |       |       |       |    16 |    38 ||    54
       Fire Storm        |       |       |       |       |       |     1 |       ||     1
 Abil: Evoke Flight      |       |       |       |       |     3 |       |       ||     3
       Evoke Blink       |       |       |       |       |     1 |     4 |       ||     5
Evoke: Wand              |       |       |       |     7 |    11 |    10 |     1 ||    29
  Use: Scroll            |       |    12 |     9 |     7 |    10 |     7 |     1 ||    46
       Potion            |       |       |       |     2 |     3 |     2 |       ||     7
  Eat: Chunk             |       |    10 |    14 |    19 |    48 |    22 |     7 ||   120
       Ration            |       |       |     1 |     5 |     4 |     7 |     1 ||    18
Armor: Robe              |     6 |     2 |    18 |    14 |    49 |    17 |     2 ||   108
Dodge: Dodged            |    16 |    15 |    98 |    99 |   234 |    98 |    12 ||   572
Block: Buckler           |       |       |       |    20 |    70 |    33 |     8 ||   131
       Reflection        |       |       |       |       |       |     7 |     4 ||    11
